AoeStats
← martin.fischer.ac

QS Arena

503144317Analyzed
4v4 RM · 1mo ago on Aug 30, 2026· 51m 40s· 8 players
Game mode
Random Map
Map size
Large (8 player)
Population
200
Speed
Normal
Resources
Standard
Victory
Conquest
Starting age
Dark Age
Ending age
Imperial Age
RankedLock teamsTeams togetherTeam positionsShared explorationLock speedFull tech treeHidden civsTurbo modeCheats
Victory
Defeat
🇨🇳 Spanish · China
954
+13
🇲🇲 Khmer · Myanmar (Burma)
919
+15
🇨🇳 Lithuanians · China
900
+15
🇨🇳 Gurjaras · China
893
+16
🇫🇷 Bohemians · France
919
-16
🇹🇷 Tatars · Türkiye
919
-16
🇩🇪 Byzantines · Germany
862
-14
🇳🇱 Persians · Netherlands
855
-13
Le Daron
8:30 Feudal Age
8:46 Loom
13:05 Castle Age
12:01 Double-Bit Axe
12:53 Horse Collar
14:49 Bow Saw
16:15 Heavy Plow
22:42 Wheelbarrow
24:21 Hand Cart
27:46 Imperial Age
27:03 Chemistry
26:25 Ballistics
26:00 Fletching
26:20 Forging
26:54 Bodkin Arrow
27:00 Scale Mail Armor
27:03 Town Watch
28:05 Iron Casting
27:33 Squires
26:54 Pikeman
28:11 Masonry
29:18 Conscription
30:09 Chain Mail Armor
30:56 Bracer
31:56 Blast Furnace
31:27 Plate Mail Armor
31:14 Halberdier
33:32 Two-Man Saw
33:43 Elite Hussite Wagon
35:30 Scale Barding Armor
35:52 Siege Engineers
38:10 Padded Archer Armor
39:47 Houfnice
vrienden0
0:28 Loom
7:41 Feudal Age
8:06 Horse Collar
8:13 Double-Bit Axe
10:40 Gold Mining
14:20 Stone Mining
17:56 Castle Age
16:26 Forging
16:49 Fletching
18:36 Wheelbarrow
18:09 Scale Barding Armor
18:26 Heavy Plow
18:39 Bow Saw
19:21 Iron Casting
19:30 Gold Shaft Mining
19:48 Bodkin Arrow
19:54 Pikeman
20:34 Squires
21:50 Husbandry
22:01 Bloodlines
22:10 Caravan
29:00 Chain Barding Armor
32:01 Hand Cart
39:32 Imperial Age
41:46 Blast Furnace
41:22 Plate Barding Armor
40:21 Onager
42:15 Chemistry
41:36 Ballistics
41:04 Cavalier
42:24 Savar
43:46 Masonry
43:45 Scale Mail Armor
SIYAR478150
0:26 Loom
8:29 Feudal Age
9:07 Double-Bit Axe
12:43 Stone Mining
16:57 Castle Age
15:10 Gold Mining
15:15 Horse Collar
16:39 Padded Archer Armor
16:37 Fletching
18:31 Arson
18:47 Squires
18:59 Crossbowman
20:24 Heavy Plow
21:47 Gold Shaft Mining
23:29 Wheelbarrow
27:04 Silk Armor
27:50 Ballistics
31:23 Imperial Age
29:24 Bodkin Arrow
29:44 Leather Archer Armor
30:31 Hand Cart
31:04 Heated Shot
32:40 Ring Archer Armor
32:10 Bracer
33:56 Bracer
34:58 Conscription
36:27 Chemistry
36:19 Heavy Cavalry Archer
40:42 Heavy Scorpion
42:21 Siege Engineers
43:58 Town Watch
martin.fischer.ac
3:11 Loom
9:53 Feudal Age
11:31 Double-Bit Axe
14:19 Castle Age
12:07 Horse Collar
16:22 Bow Saw
16:56 Wheelbarrow
21:54 Hand Cart
22:48 Gold Mining
23:12 Stone Mining
23:24 Heavy Plow
26:31 Thumb Ring
25:47 Crossbowman
25:50 Pikeman
26:31 Squires
26:16 Arson
26:57 Fortified Wall
30:06 Imperial Age
28:03 Ballistics
28:47 Gold Shaft Mining
30:11 Arbalester
31:15 Conscription
30:23 Cavalier
31:04 Husbandry
31:21 Logistica
30:42 Heavy Camel Rider
32:33 Chemistry
32:39 Two-Man Saw
32:12 Fletching
32:23 Elite Cataphract
32:38 Elite Skirmisher
34:13 Stone Shaft Mining
37:06 Scale Barding Armor
37:12 Forging
37:06 Padded Archer Armor
43:44 Chain Barding Armor
45:40 Halberdier
Depart
0:28 Loom
7:16 Feudal Age
8:32 Wheelbarrow
7:45 Double-Bit Axe
12:23 Castle Age
12:09 Horse Collar
13:15 Bow Saw
13:09 Heavy Plow
19:40 Gold Mining
21:03 Hand Cart
21:33 Stone Mining
23:45 Forging
23:42 Scale Barding Armor
27:19 Imperial Age
27:04 Iron Casting
26:49 Chain Barding Armor
27:11 Stone Shaft Mining
29:53 Two-Man Saw
29:03 Husbandry
29:14 Bloodlines
29:41 Plate Barding Armor
30:18 Crop Rotation
29:56 Caravan
31:33 Conscription
30:34 Elite Leitis
31:26 Devotion
31:41 Cavalier
32:49 Paladin
32:57 Light Cavalry
33:59 Winged Hussar
39:07 Hoardings
38:42 Fletching
44:26 Hill Forts
44:52 Bodkin Arrow
45:44 Bracer
46:04 Masonry
45:49 Murder Holes
46:56 Chemistry
46:07 Fortified Wall
45:39 Treadmill Crane
49:04 Tower Shields
49:47 Architecture
50:02 Ballistics
CARBON
2:23 Loom
9:23 Feudal Age
13:08 Castle Age
19:00 Fletching
20:23 Wheelbarrow
20:32 Horse Collar
20:41 Double-Bit Axe
22:26 Bow Saw
23:33 Stone Mining
24:13 Bodkin Arrow
24:54 Gold Mining
26:30 Stone Shaft Mining
26:03 Heavy Plow
25:58 Loom
27:28 Hand Cart
27:47 Masonry
27:35 Murder Holes
28:09 Masonry
28:22 Padded Archer Armor
28:39 Fortified Wall
32:42 Imperial Age
37:10 Chemistry
38:06 Two-Man Saw
37:28 Fervor
37:18 Atonement
37:29 Redemption
38:46 Chemistry
38:07 Ballistics
38:54 Bloodlines
39:48 Block Printing
39:59 Illumination
39:57 Sanctity
43:03 Theocracy
47:09 Capped Ram
51:50 Heresy
x
9:36 Feudal Age
13:34 Castle Age
11:23 Loom
11:47 Double-Bit Axe
12:01 Horse Collar
12:59 Stone Mining
15:01 Bow Saw
15:03 Heavy Plow
21:59 Wheelbarrow
23:21 Gold Mining
24:09 Stone Shaft Mining
24:32 Hand Cart
24:07 Pikeman
24:33 Arson
29:27 Imperial Age
27:17 Hand Cart
29:40 Imperial Age
29:27 Ballistics
29:18 Fortified Wall
29:05 Murder Holes
29:23 Masonry
30:16 Gold Shaft Mining
31:58 Chemistry
31:04 Siege Engineers
30:46 Heavy Scorpion
31:38 Double Crossbow
30:59 Elite Ballista Elephant
32:00 Conscription
36:08 Scale Barding Armor
36:14 Forging
37:35 Husbandry
37:46 Bloodlines
36:57 Light Cavalry
38:01 Chain Barding Armor
38:17 Iron Casting
37:34 Hussar
37:57 Elite Battle Elephant
39:16 Hoardings
38:11 Sappers
39:04 Town Watch
41:35 Crop Rotation
41:59 Plate Barding Armor
42:25 Blast Furnace
yarl
1:10 Loom
8:00 Feudal Age
8:30 Double-Bit Axe
8:27 Horse Collar
14:47 Castle Age
13:18 Stone Mining
14:23 Gold Mining
15:42 Heavy Plow
15:54 Bow Saw
17:48 Stone Shaft Mining
19:01 Gold Shaft Mining
29:38 Imperial Age
27:59 Wheelbarrow
28:01 Forging
27:53 Scale Mail Armor
28:00 Caravan
29:02 Scale Barding Armor
29:08 Kshatriyas
28:53 Arson
29:45 Hand Cart
30:24 Iron Casting
30:51 Crop Rotation
30:42 Conscription
30:17 Elite Chakram Thrower
31:17 Bloodlines
31:08 Husbandry
30:28 Light Cavalry
33:03 Chain Mail Armor
32:40 Hussar
34:41 Plate Mail Armor
36:04 Chain Barding Armor
37:03 Fortified Wall
37:54 Chemistry
37:16 Ballistics
36:47 Town Watch
36:47 Siege Elephant
38:13 Plate Barding Armor
38:51 Heavy Camel Rider
41:25 Fletching
41:35 Padded Archer Armor
43:31 Town Patrol
44:03 Murder Holes
43:49 Treadmill Crane
44:20 Masonry
46:58 Frontier Guards
47:14 Frontier Guards
47:45 Bodkin Arrow
48:06 Leather Archer Armor
48:27 Architecture
50:49 Bracer
Connection lost

Rejoining the realm…

Still unreachable

The connection could not be restored.

Session expired

The server has moved on; the page needs a fresh start.